 Dungeon Crawl Stone Soup version 0.30.0-30-g96aa6591b8 (webtiles) character file.

Game seed: 12297115464256292781

2173 xerfel the Cleaver (level 9, -8/82 HPs)
             Began as a Hill Orc Fighter on June 28, 2023.
             Was a Believer of Qazlal.
             Mangled by a vampire (9 damage)
             ... on level 7 of the Dungeon.
             The game lasted 00:22:59 (5706 turns).

xerfel the Cleaver (Hill Orc Fighter)               Turns: 5706, Time: 00:22:59

Health: -8/82      AC: 10    Str: 23    XL:     9   Next: 32%
Magic:  9/9        EV:  9    Int:  8    God:    Qazlal [**....]
Gold:   459        SH:  7    Dex: 10    Spells: 8/8 levels left

rFire   . . .        a - +0 war axe
rCold   . . .        c - +0 buckler
rNeg    . . .        x - +1 scale mail {rPois}
rPois   +            (no helmet)
rElec   .            (no cloak)
rCorr   .            (no gloves)
SInv    .            r - +1 pair of boots
Will    .....        (no amulet) Stlth
                     (no ring)
HPRegen 0.33/turn    (no ring)
MPRegen 0.11/turn

%: no passive effects
@: no status effects
A: no striking features
a: Renounce Religion, Upheaval


You were on level 7 of the Dungeon.
You worshipped Qazlal.
Qazlal was pleased with you.
You visited 1 branch of the dungeon, and saw 7 of its levels.

You collected 459 gold pieces.

Inventory:

Hand Weapons
 a - a +0 war axe (weapon)
Missiles
 e - 3 poisoned darts
 o - 69 stones (quivered)
Armour
 b - +0 steam dragon scales
 c - a +0 buckler (worn)
 r - a +1 pair of boots (worn)
 v - the +2 leather armour of Plasticity {rPois rC+ Regen+ Stlth+}
   (You found it on level 3 of the Dungeon)

   rC:        It protects you from cold.
   rPois:     It protects you from poison.
   Regen:     It increases your rate of health regeneration.
   Stlth:     It makes you more stealthy.
 x - a +1 scale mail of poison resistance (worn)
Wands
 d - a wand of flame (34)
 p - a wand of mindburst (14)
 B - a wand of charming (8)
Scrolls
 g - a scroll of enchant armour
 i - a scroll of teleportation {unknown}
 j - a scroll of magic mapping {unknown}
 y - a scroll of blinking {unknown}
 z - a scroll of amnesia {unknown}
 D - a scroll of noise {unknown}
 E - a scroll of enchant weapon {unknown}
Potions
 f - 3 potions of curing {@q1}
 h - a potion of attraction {unknown}
 k - 2 potions of degeneration
 m - 3 potions of haste
 n - a potion of heal wounds {@q2}
 q - 2 potions of flight
 s - a potion of ambrosia {unknown}
 t - a potion of mutation {unknown}
 u - a potion of invisibility
 w - a potion of cancellation {unknown}
 A - 2 potions of berserk rage
 C - a potion of might


   Skills:
 + Level 8.8 Fighting
 * Level 13.0 Axes
 - Level 3.4 Armour
 - Level 3.4 Shields


You had 8 spell levels left.
You didn't know any spells.
Your spell library was empty.

Dungeon Overview and Level Annotations

Branches:
Dungeon (7/15)             Temple (0/1) D:6

Altars:
Dithmenos
Qazlal
Yredelemnul
The Shining One

Shops:
D:6 *


Message History

Something hits you. Something bites you but does no damage. Something hits you!
Something bites you.
Something draws strength from your injuries!
Something hits you! Something bites you but does no damage.
You hear some strange, mumbled words.
You are confused.
You're too confused to move!
Something hits you!
* * * LOW HITPOINT WARNING * * *
Something bites you.
* * * LOW HITPOINT WARNING * * *
Something draws strength from your injuries!
You feel much better. Something hits you but does no damage.
Something bites you.
Something draws strength from your injuries!
You feel better. Something hits you but does no damage.
Something bites you but does no damage. Something hits you.
Something bites you.
Something draws strength from your injuries!
Something hits you but does no damage. Something bites you!
Something draws strength from your injuries!
You are no longer corroded.
Something hits you. Something bites you!
Something draws strength from your injuries!
Something hits you. Something bites you.
* * * LOW HITPOINT WARNING * * *
Something draws strength from your injuries!
Something hits you but does no damage. Something bites you.
* * * LOW HITPOINT WARNING * * *
Something draws strength from your injuries!
As you read the scroll of fear, it crumbles to dust.
You assume a fearsome visage.
The ice beast looks frightened!
Something hits you.
* * * LOW HITPOINT WARNING * * *
Something bites you!
* * * LOW HITPOINT WARNING * * *
Something draws strength from your injuries!
You slice something!! Something hits you.
* * * LOW HITPOINT WARNING * * *
Something bites you!
You die...

### #.######## #........#
#.######.# #.# #.#
#.######.###### ###
#.#<..........########
...######.#######.............
........#....{@.'.............
........#....####.............
........#..Y.####.............
........#......†.....####.....
........'..............# ...##
........#..............# ..#!
<.......##.............# .#.
......................... .#.
########..................


You could see an ice beast (fleeing).

Vanquished Creatures
  Maggie (D:6)
  Edmund (D:4)
  Duvessa (D:4)
  A water moccasin (D:6)
  3 black bears (D:6)
  An orc warrior (D:6)
  2 sky beasts (D:7)
  3 phantoms
  2 bullfrogs (D:6)
  A scorpion (D:6)
  Dowan (D:4)
  2 jellies
  A hound (D:6)
  An orc priest (D:5)
  2 sleepcaps
  Ijyb (D:3)
  2 iguanas
  2 orc wizards (D:6)
  4 gnolls (D:5)
  6 adders
  A river rat (D:4)
  2 shadow imps (D:6)
  A white imp (D:5)
  2 worms
  2 dart slugs (D:1)
  17 orcs
  9 ball pythons
  9 endoplasms
  6 giant cockroaches
  10 goblins
  16 hobgoblins
  9 jackals
  9 kobolds
  8 quokkas
  3 bats
  3 frilled lizards
  4 rats
149 creatures vanquished.

Vanquished Creatures (others)
  A dart slug (D:4)
1 creature vanquished.

Grand Total: 150 creatures vanquished

Notes
Turn   | Place    | Note
-------+----------+-------------------------------------------
     0 | D:1      | xerfel the Hill Orc Fighter began the quest for the Orb.
     0 | D:1      | Reached XP level 1. HP: 19/19 MP: 1/1
   202 | D:1      | Reached XP level 2. HP: 25/27 MP: 2/2
   231 | D:1      | Reached skill level 3 in Axes
   423 | D:1      | Reached XP level 3. HP: 29/33 MP: 3/3
   430 | D:1      | Reached skill level 4 in Axes
  1245 | D:2      | Reached skill level 5 in Axes
  1249 | D:2      | Reached XP level 4. HP: 28/40 MP: 4/4
  1990 | D:3      | Noticed Ijyb
  2003 | D:3      | Killed Ijyb
  2004 | D:3      | Reached XP level 5. HP: 46/46 MP: 5/5
  2146 | D:3      | Identified the +2 leather armour of Plasticity {rPois rC+
                  | Regen+ Stlth+}
  2185 | D:3      | Reached skill level 6 in Axes
  2197 | D:3      | Found a stormy altar of Qazlal.
  2225 | D:3      | Became a worshipper of Qazlal Stormbringer
  2758 | D:4      | Found a basalt altar of Yredelemnul.
  2807 | D:4      | Noticed Edmund
  2826 | D:4      | Killed Edmund
  2827 | D:4      | Reached skill level 5 in Fighting
  2827 | D:4      | Reached skill level 7 in Axes
  2827 | D:4      | Reached XP level 6. HP: 27/56 MP: 6/6
  2920 | D:4      | Found a shadowy altar of Dithmenos.
  3039 | D:4      | Found a glowing golden altar of the Shining One.
  3214 | D:4      | Noticed Duvessa
  3214 | D:4      | Noticed Dowan
  3231 | D:4      | Killed Duvessa
  3232 | D:4      | Reached skill level 8 in Axes
  3232 | D:4      | Reached XP level 7. HP: 35/62 MP: 7/7
  3235 | D:4      | Killed Dowan
  3664 | D:5      | Entered Level 5 of the Dungeon
  3950 | D:5      | Reached * piety under Qazlal
  3956 | D:5      | Reached skill level 9 in Axes
  4417 | D:6      | Reached XP level 8. HP: 71/71 MP: 8/8
  4468 | D:6      | Reached skill level 10 in Axes
  4648 | D:6      | Found a staircase to the Ecumenical Temple.
  5019 | D:6      | Reached skill level 11 in Axes
  5086 | D:6      | Found Pipsy's Neck Hole.
  5117 | D:6      | Noticed Maggie
  5150 | D:6      | Killed Maggie
  5151 | D:6      | Reached skill level 12 in Axes
  5151 | D:6      | Reached XP level 9. HP: 48/82 MP: 9/9
  5286 | D:6      | Reached ** piety under Qazlal
  5673 | D:7      | Reached skill level 13 in Axes
  5684 | D:7      | Noticed a two-headed ogre
  5705 | D:7      | HP: 4/82 [something (11)]
  5706 | D:7      | HP: 1/82 [something (4)]
  5706 | D:7      | Mangled by a vampire

Illustrated notes

Levels and vault maps discovered:
D:1:      spicycebolla_arrival_ecumenical, layout_basic,
          chequers_serial_rivers_small_a, hex_intersection
D:2:      layout_rooms, minmay_circle_x
D:3:      layout_loops_corners, nicolae_qazlal_scattered_showers,
          grunt_ministairs_15, uniq_ijyb
D:4:      layout_rooms, nicolae_tso_swordbearing_angel,
          mainiacjoe_overflow_alcove_4,
          mainiacjoe_overflow_concentric_impassable, gup_sewer_entry_bubbles,
          uniq_duvessa, uniq_edmund
D:5:      layout_basic
D:6:      layout_basic, minmay_temple_entry_slanted,
          nicolae_shop_sticking_my_neck_out, uniq_maggie
D:7:      minmay_the_grid_octo_tiled_octocenter
          [minmay_the_grid_octo_fat_diamond, minmay_the_grid_octo_horde,
          minmay_the_grid_octo_odd_swirl, minmay_the_grid_octo_clover_2,
          minmay_the_grid_octo_prize_star,
          minmay_the_grid_square_5x5_three_walls,
          minmay_the_grid_square_5x5_eight_small,
          minmay_the_grid_square_5x5_inner_i,
          minmay_the_grid_square_5x5_tetrominoes], layout_basic,
          minmay_misc_feat_more_columns, serial_bayou_lagoon_a,
          nicolae_take_the_stairs, kennysheep_path_1, st_stairs_3,
          nicolae_shop_fire_sale [nicolae_sub_dead_trees]

Skill      XL: |  1  2  3  4  5  6  7  8  9 |
---------------+----------------------------+-----
Axes           | 3 5 7 8 9 12 13 | 13.0
Fighting       | 4 5 6 8 |  8.8
Armour         | |  3.4
Shields        | |  3.4

Action                     |  1- 3 |  4- 6 |  7- 9 || total
---------------------------+-------+-------+-------++-------
  Melee: War axe           |   100 |   163 |   222 ||   485
  Throw: Dart              |     1 |     3 |       ||     4
  Evoke: Wand              |       |       |    14 ||    14
    Use: Scroll            |       |     3 |     7 ||    10
         Potion            |       |     1 |     4 ||     5
   Stab: Sleeping          |       |     4 |       ||     4
 Armour: Scale mail        |    37 |    45 |   114 ||   196
         Leather armour    |       |    26 |       ||    26
  Dodge: Dodged            |    56 |    82 |    83 ||   221
  Block: Buckler           |    22 |    29 |    55 ||   106
